 Dungeon Crawl Stone Soup version 0.17-a0-1210-g1e4f09d (console) character file.

26 HyperMorgan the Digger (level 3, -2/21 HPs)
             Began as an Octopode Earth Elementalist on June 4, 2015.
             Killed from afar by Ijyb (10 damage)
             ... with a wand of flame
             ... on level 2 of the Dungeon.
             The game lasted 00:04:05 (1118 turns).

HyperMorgan the Digger (OpEE)                       Turns: 1118, Time: 00:04:05

Health: -2/21      AC:  1    Str:  7    XL:     3   Next: 8%
Magic:  6/7        EV: 12    Int: 17    God:
Gold:   51         SH:  0    Dex: 13    Spells: 2 memorised, 4 levels left

rFire  . . .     SeeInvis .     h - +1 dagger (vamp)
rCold  . . .     Clarity  .     (no shield)
rNeg   . . .     SustAt   .     (helmet restricted)
rPois  .         Gourm    .     (no amulet)
rElec  .         Spirit   .     (no ring)
rCorr  .         Warding  .     (no ring)
rMut   .         Stasis   .     (no ring)
MR     .....                    (no ring)
Stlth  +++.......               (no ring)
                                (no ring)
                                (no ring)
                                (no ring)

@: not resistant to hostile enchantments, fairly stealthy
A: almost no armour, amphibious, 8 rings, constrict 8, camouflage 1, gelatinous
body 1
a: no special abilities


You were on level 2 of the Dungeon.
You were not hungry.

You visited 1 branch of the dungeon, and saw 2 of its levels.

You collected 51 gold pieces.

Inventory:

Hand weapons
 h - a +1 vampiric dagger (weapon)
Missiles
 a - 88 stones (quivered)
Scrolls
 k - a scroll of teleportation
Potions
 d - a potion of haste {unknown}
 e - 2 potions of cure mutation {unknown}
 j - a potion of curing {unknown}
Books
 b - a book of Geomancy

   Spells                             Type                      Level
   a - Sandblast                      Earth                        1
   b - Stoneskin                      Transmutation/Earth          2
   c - Passwall                       Transmutation/Earth          3
   d - Stone Arrow                    Conjuration/Earth            3
   e - Petrify                        Transmutation/Earth          4
   f - Lee's Rapid Deconstruction     Earth                        5
Comestibles
 c - a chunk of flesh


   Skills:
 - Level 2.0 Dodging
 - Level 2.6 Stealth
 + Level 2.7 Spellcasting
 - Level 1.0 Transmutations
 + Level 3.5 Earth Magic


You had 4 spell levels left.
You knew the following spells:

 Your Spells              Type           Power        Failure   Level  Hunger
a - Sandblast             Erth           ##....       4%          1    #......
b - Stoneskin             Trmt/Erth      ##......     14%         2    ##.....


Dungeon Overview and Level Annotations

Branches:
Dungeon (2/15)

Altars:

Annotations:
D:2 Ijyb


Innate Abilities, Weirdness & Mutations

You cannot wear most types of armour.
You are amphibious.
You can wear up to eight rings at the same time.
You can use your tentacles to constrict eight enemies at once.
Your skin changes colour to match your surroundings (Stealth).
Your rubbery body absorbs attacks (AC +1).


Message History

The blast of sand hits Ijyb.
Ijyb screams, "Me kill you!"
You closely miss Ijyb. Your grab misses Ijyb. Ijyb hits you.
You hit Ijyb.
You feel better.
You grab Ijyb. Your squeeze misses Ijyb.
Ijyb is lightly wounded.
You constrict Ijyb, but do no damage. Ijyb hits you.
You hit Ijyb but do no damage.
Ijyb is lightly wounded.
You constrict Ijyb. Ijyb hits you.
You hit Ijyb.
You feel better.
Ijyb is moderately wounded.
You constrict Ijyb.
Ijyb screams, "Level is mine!
All mine!"
Ijyb zaps a wand.
The puff of flame hits you!
Ouch! That really hurt!
It is a wand of flame.
You hit Ijyb.
You feel better.
Your squeeze misses Ijyb.
Ijyb is moderately wounded.
You constrict Ijyb.
Ijyb zaps a wand.
The puff of flame hits you!
You die... ▒∙∙∙∙∙▒▒ ▒∙∙∙∙∙∙∙ ∙∙∙∙∙∙<▒▒ ∙∙∙∙∙∙▒ ∙∙∙∙∙∙∙∙▒▒▒▒∙∙∙∙▒▒▒ ∙∙∙∙∙∙∙∙'∙∙∙∙∙∙∙∙∙>

∙∙∙∙∙∙∙∙▒▒∙∙∙∙∙∙∙∙▒
∙∙∙∙∙∙∙▒▒▒∙▒▒∙▒▒▒∙▒
▒∙∙∙∙∙▒▒ ▒∙▒▒∙∙∙▒∙▒
▒▒∙∙∙▒▒ ▒∙▒▒▒▒∙▒g▒
▒▒■▒▒ ▒∙∙∙∙∙∙x∙▒
▒▒▒▒▒▒∙▒▒▒ ▒∙▒ ▒∙▒
▒∙▒ ▒∙▒ ∙∙▒ ▒▒▒


You could see Ijyb.

Vanquished Creatures
  2 giant geckos (D:1)
  2 giant cockroaches (D:1)
  2 hobgoblins (D:1)
  3 kobolds (D:1)
  3 bats (D:1)
  2 giant newts (D:1)
  4 goblins (D:1)
  3 jackals (D:1)
  4 rats (D:1)
25 creatures vanquished.

Notes
Turn   | Place    | Note
--------------------------------------------------------------
     0 | D:1      | HyperMorgan the Octopode Earth Elementalist began the quest for the Orb.
     0 | D:1      | Reached XP level 1. HP: 11/11 MP: 3/3
    87 | D:1      | Reached XP level 2. HP: 13/17 MP: 5/5
   178 | D:1      | Learned a level 2 spell: Stoneskin
   764 | D:1      | Reached XP level 3. HP: 11/21 MP: 7/7
  1102 | D:2      | Noticed Ijyb
  1118 | D:2      | Killed from afar by Ijyb

Vault maps used:
D:1:      eino_arrival_water_star, minmay_misc_feat_diagonals
D:2:      corexii_hall_statues_u, uniq_iyjb

Action                   || total
-------------------------++-------
Melee: Unarmed           ||    15
       Dagger            ||    46
 Cast: Sandblast         ||     2
  Use: Scroll            ||     2
 Stab: Sleeping          ||     6
  Eat: Bread ration      ||     1
       Chunk             ||     1
